 Dungeon Sprint DCSS version 0.23.2 (webtiles) character file.

Game seed: 9550721279189852506

8100000 Fang the Conqueror (level 27, -9/317 (323) HPs)
             Began as a Demonspawn Gladiator on Apr 2, 2019.
             Was the Champion of Makhleb.
             Mangled by a bag of meat
             ... wielding a +9 war axe
              (12 damage)
             ... in the Dungeon (Sprint VIII: "Arena of Blood").
             The game lasted 00:00:53 (81 turns).

Fang the Conqueror (Demonspawn Gladiator)             Turns: 81, Time: 00:00:53

HP:   -9/317 (323)  AC: 12    Str: 24    XL:     27
MP:   33/54         EV: 32    Int: 11    God:    Makhleb [******]
Gold: 0             SH:  0    Dex: 17    Spells: 80/80 levels left

rFire    + . .     SeeInvis .   l - +∞ Axe of Woe
rCold    . . .     Gourm    .   (shield currently unavailable)
rNeg     . . .     Faith    .   b - +0 leather armour
rPois    .         Spirit   .   c - +0 helmet
rElec    .         Reflect  .   (no cloak)
rCorr    .         Harm     .   (gloves unavailable)
MR       ++...     NoTele   +   (no boots)
Stlth    +++++++++.             (no amulet)
HPRegen  10.62/turn             (no ring)
MPRegen  0.34/turn              (no ring)

@: drained
A: claws 3, molten scales 3, demonic guardian 3, powered by death 3, robust 3
a: Minor Destruction, Lesser Servant of Makhleb, Major Destruction, Greater
Servant of Makhleb, Renounce Religion


You were in the Dungeon.
You worshipped Makhleb.
Makhleb was exalted by your worship.
You were not hungry.

You visited 1 branch

Inventory:

Hand Weapons
 a - a +0 war axe
 l - the +∞ Axe of Woe (weapon)
   (You found it in the Dungeon)
Missiles
 d - 3 throwing nets (quivered)
Armour
 b - a +0 leather armour (worn)
 c - a +0 helmet (worn)
Scrolls
 k - a scroll of blinking
Potions
 e - a potion of curing
 g - a potion of heal wounds
 h - a potion of haste
 i - 2 potions of magic
 j - a potion of berserk rage
Comestibles
 f - a ration


   Skills:
 O Level 27(25.7) Fighting
 O Level 27(25.7) Axes
 O Level 27(25.7) Throwing
 O Level 27(25.7) Armour
 O Level 27(25.7) Dodging
 O Level 27(25.7) Stealth
 O Level 27(25.7) Unarmed Combat
 O Level 27(25.7) Spellcasting
 O Level 27(25.7) Invocations


You had 80 spell levels left.
You didn't know any spells.
Your spell library was empty.

Dungeon Overview and Level Annotations

Branches:
Dungeon (1/1)

Altars:
Makhleb


Innate Abilities, Weirdness & Mutations

You have claws for hands.
You are completely covered in molten scales. (AC +4, rF+)
A powerful demonic guardian rushes to your aid.
You regenerate a lot of health from kills.
You are extremely robust. (+30% HP)


Message History

You are too injured to fight recklessly!
You hear a shout! x2
A bolt of negative energy appears from out of thin air!
Deactivating autopickup; reactivate with Ctrl-A.
The bolt of negative energy hits you!!!
You feel drained.
* * * LOW HITPOINT WARNING * * *
The bag of meat is engulfed in blazing flames.
The sculptor of flesh hits you with a +9 great sword!
* * * LOW HITPOINT WARNING * * *
The dread hits your lorocyproca but does no damage.
You hear a shout! x2
The dread calls on the powers of darkness!
The bag of meat convulses!
Your body is wracked with pain!
* * * LOW HITPOINT WARNING * * *
The bag of meat convulses!
Something is bathed in an unholy light!
The large bag of meat convulses!
The meat berserker convulses!
The bag of meat convulses! x6; The meat berserker convulses!
A large bag of meat comes into view. It is wielding a +9 giant spiked club.
The bag of meat hits you with a +9 war axe!
You die...

...###... ...###..D.
........###......z..
#......)W_........O.
#)))..#..oo...
#_)V)o#..o....
...#))O).#§O....#
......W2))o§z.....
......##z§§%§.....
..###....)@)###....
. #.....oW# .
#....2x...
.............
.............#
..o............
Oo........##...
#........#. ...


You could see a meat beast, a destroyer, 3 sculptors of flesh, 2 large bags of
meat, 3 dreads, 2 meat berserkers, 8 bags of meat, a crawling corpse and a
friendly lorocyproca (invisible).

Vanquished Creatures
  2 hell beasts (D)
  5 greater mummies (D)
  19 vampire knights (D)
  23 ogres (D)
  3 two-headed ogres (D)
  5 liches (D)
  40 orcs (D)
  4 skeletal warriors (D)
  A small abomination (D)
  5 large abominations (D)
  15 crawling corpses (D)
122 creatures vanquished.

Vanquished Creatures (collateral kills)
  A crawling corpse (D)
1 creature vanquished.

Vanquished Creatures (others)
  6 crawling corpses (D)
6 creatures vanquished.

Grand Total: 129 creatures vanquished

Notes
Turn   | Place    | Note
-------+----------+-------------------------------------------
     0 | D        | Found the +∞ Axe of Woe
     0 | D        | Fang the Demonspawn Gladiator began the quest for the Orb.
     0 | D        | Reached XP level 1. HP: 16/16 MP: 1/1
     3 | D        | Noticed a bag of meat
     3 | D        | Noticed a bag of meat
     4 | D        | Became a worshipper of Makhleb the Destroyer
     5 | D        | Noticed a bag of meat
     5 | D        | Noticed a meat berserker
     5 | D        | Noticed a meat berserker
     5 | D        | Noticed a bag of meat
     6 | D        | Noticed a bag of meat
     7 | D        | Killed a bag of meat
     7 | D        | Gained mutation: A weak demonic guardian rushes to your
                  | aid. [demonic ancestry]
     7 | D        | Reached XP level 2. HP: 43/43 MP: 2/2
     7 | D        | Reached XP level 3. HP: 49/49 MP: 3/3
     7 | D        | Reached XP level 4. HP: 56/56 MP: 4/4
     7 | D        | Reached XP level 5. HP: 62/62 MP: 5/5
     7 | D        | Gained mutation: You are partially covered in molten
                  | scales. (AC +2) [demonic ancestry]
     7 | D        | Reached XP level 6. HP: 69/69 MP: 6/6
     7 | D        | Gained mutation: You regenerate a little health from kills.
                  | [demonic ancestry]
     7 | D        | Reached XP level 7. HP: 75/75 MP: 7/7
     7 | D        | Gained mutation: You regenerate health from kills. [demonic
                  | ancestry]
     7 | D        | Reached XP level 8. HP: 82/82 MP: 8/8
     7 | D        | Gained mutation: You have sharp fingernails. [demonic
                  | ancestry]
     7 | D        | Reached XP level 9. HP: 88/88 MP: 9/9
     7 | D        | Reached XP level 10. HP: 95/95 MP: 10/10
     7 | D        | Gained mutation: You have very sharp fingernails. [demonic
                  | ancestry]
     7 | D        | Reached XP level 11. HP: 101/101 MP: 11/11
     7 | D        | Noticed a meat berserker
     7 | D        | Noticed a bag of meat
     7 | D        | Noticed a bag of meat
     8 | D        | Killed a meat berserker
     8 | D        | Reached * piety under Makhleb
     8 | D        | Reached XP level 12. HP: 116/116 MP: 12/12
     8 | D        | Gained mutation: You are mostly covered in molten scales.
                  | (AC +3) [demonic ancestry]
     8 | D        | Reached XP level 13. HP: 122/122 MP: 13/13
     9 | D        | Killed a bag of meat
     9 | D        | Gained mutation: You are robust. (+10% HP) [demonic
                  | ancestry]
     9 | D        | Reached XP level 14. HP: 125/146 MP: 14/14
     9 | D        | Noticed a bag of meat
    10 | D        | Killed a meat berserker
    10 | D        | Reached XP level 15. HP: 99/158 MP: 15/15
    11 | D        | Killed a meat berserker
    11 | D        | Reached ** piety under Makhleb
    11 | D        | Gained mutation: You have claws for hands. [demonic
                  | ancestry]
    11 | D        | Reached XP level 16. HP: 172/172 MP: 16/16
    11 | D        | Noticed a meat berserker
    13 | D        | Reached *** piety under Makhleb
    14 | D        | Reached XP level 17. HP: 185/185 MP: 17/17
    14 | D        | Noticed a meat berserker
    16 | D        | Reached **** piety under Makhleb
    16 | D        | Reached skill level 27 in Fighting
    17 | D        | Killed a meat berserker
    17 | D        | Reached skill level 27 in Dodging
    17 | D        | Gained mutation: You are completely covered in molten
                  | scales. (AC +4, rF+) [demonic ancestry]
    17 | D        | Reached XP level 18. HP: 200/200 MP: 18/18
    17 | D        | Reached skill level 27 in Axes
    17 | D        | Reached skill level 27 in Throwing
    17 | D        | Reached skill level 5 in Armour
    17 | D        | Reached skill level 5 in Unarmed Combat
    17 | D        | Reached skill level 5 in Spellcasting
    18 | D        | Noticed a large bag of meat
    19 | D        | Reached ***** piety under Makhleb
    19 | D        | Reached skill level 10 in Armour
    19 | D        | Reached skill level 10 in Unarmed Combat
    19 | D        | Reached skill level 10 in Spellcasting
    19 | D        | Gained mutation: A demonic guardian rushes to your aid.
                  | [demonic ancestry]
    19 | D        | Reached XP level 19. HP: 207/207 MP: 18/33
    20 | D        | Killed a meat berserker
    22 | D        | Reached skill level 15 in Stealth
    22 | D        | Reached skill level 15 in Armour
    22 | D        | Reached skill level 15 in Unarmed Combat
    22 | D        | Reached skill level 15 in Spellcasting
    22 | D        | Noticed a meat berserker
    22 | D        | Noticed a destroyer
    23 | D        | Noticed a destroyer
    24 | D        | Reached XP level 20. HP: 216/216 MP: 19/41
    25 | D        | Killed a destroyer
    25 | D        | Reached ****** piety under Makhleb
    26 | D        | Noticed a destroyer
    26 | D        | Killed a large bag of meat
    26 | D        | Reached skill level 27 in Invocations
    26 | D        | Reached XP level 21. HP: 207/224 MP: 19/46
    28 | D        | Killed a destroyer
    29 | D        | Noticed a destroyer
    31 | D        | Killed a destroyer
    31 | D        | Reached skill level 27 in Stealth
    31 | D        | Reached XP level 22. HP: 233/233 MP: 21/52
    32 | D        | Reached skill level 27 in Armour
    32 | D        | Reached skill level 27 in Unarmed Combat
    32 | D        | Reached skill level 27 in Spellcasting
    33 | D        | Killed a destroyer
    33 | D        | Gained mutation: A powerful demonic guardian rushes to your
                  | aid. [demonic ancestry]
    33 | D        | Reached XP level 23. HP: 240/240 MP: 21/54
    34 | D        | Noticed a large bag of meat
    38 | D        | Gained mutation: You are very robust. (+20% HP) [demonic
                  | ancestry]
    38 | D        | Reached XP level 24. HP: 240/272 MP: 22/54
    38 | D        | Noticed a destroyer
    38 | D        | Noticed a destroyer
    40 | D        | Killed a large bag of meat
    40 | D        | Noticed a destroyer
    41 | D        | Noticed a destroyer
    41 | D        | Noticed a destroyer
    42 | D        | Killed a destroyer
    42 | D        | Gained mutation: You regenerate a lot of health from kills.
                  | [demonic ancestry]
    42 | D        | Reached XP level 25. HP: 280/280 MP: 23/54
    42 | D        | Noticed a destroyer
    43 | D        | Noticed a destroyer
    43 | D        | Noticed a destroyer
    44 | D        | Killed a destroyer
    44 | D        | Killed a destroyer
    44 | D        | Reached XP level 26. HP: 290/290 MP: 24/54
    44 | D        | Killed a destroyer
    46 | D        | Killed a destroyer
    46 | D        | Noticed a destroyer
    48 | D        | Killed a destroyer
    48 | D        | Gained mutation: You are extremely robust. (+30% HP)
                  | [demonic ancestry]
    48 | D        | Reached XP level 27. HP: 290/323 MP: 25/54
    49 | D        | Noticed a destroyer
    50 | D        | Noticed a tyrant
    51 | D        | Killed a destroyer
    51 | D        | Noticed a destroyer
    51 | D        | Noticed a destroyer
    52 | D        | Killed a destroyer
    52 | D        | Killed a destroyer
    54 | D        | Noticed an accursed
    54 | D        | Noticed an accursed
    54 | D        | Noticed a destroyer
    54 | D        | Noticed a tyrant
    55 | D        | Noticed an accursed
    55 | D        | Killed an accursed
    56 | D        | Noticed a tyrant
    56 | D        | Killed a destroyer
    57 | D        | Noticed a tyrant
    58 | D        | Killed a destroyer
    58 | D        | Noticed an accursed
    60 | D        | Killed a tyrant
    60 | D        | Noticed an accursed
    62 | D        | Noticed a destroyer
    63 | D        | Killed a tyrant
    66 | D        | Noticed a destroyer
    66 | D        | Killed a tyrant
    66 | D        | Killed an accursed
    67 | D        | Killed a destroyer
    67 | D        | Killed a tyrant
    67 | D        | Killed a destroyer
    67 | D        | Noticed a tyrant
    68 | D        | Noticed a dread
    68 | D        | Killed an accursed
    69 | D        | Noticed a large bag of meat
    70 | D        | Killed an accursed
    71 | D        | Noticed a meat beast
    71 | D        | Noticed a meat beast
    72 | D        | Noticed a dread
    72 | D        | Noticed a destroyer
    73 | D        | Killed a destroyer
    73 | D        | Noticed a large bag of meat
    76 | D        | Killed a meat beast
    77 | D        | Killed a meat beast
    77 | D        | Killed a destroyer
    78 | D        | Killed a tyrant
    79 | D        | Killed an accursed
    79 | D        | Noticed a meat beast
    80 | D        | Killed a large bag of meat
    80 | D        | Noticed a dread
    81 | D        | HP: 4/317 [sculptor of flesh/+9 great sword (13)]
    81 | D        | Noticed a large bag of meat
    81 | D        | Mangled by a bag of meat

Skill      XL: |  1  2  3  4  5  6  7  8  9 10 11 12 13 14 15 16 17 18 19 20 21 22 |
---------------+-------------------------------------------------------------------+-----
Fighting       | 14 18 19 21 23 25 27 | 27.0
Axes           | 13 17 18 19 22 23 26 27 | 27.0
Throwing       | 13 16 18 19 22 23 26 27 | 27.0
Dodging        | 13 17 18 19 22 23 27 | 27.0
Armour         | 10 17 21 26 27 | 27.0
Stealth        | 11 18 22 27 | 27.0
Unarmed Combat | 10 17 21 26 27 | 27.0
Spellcasting   | 10 17 21 26 27 | 27.0
Invocations    | 14 22 27 | 27.0

Action                   |  1- 3 |  4- 6 |  7- 9 | 10-12 | 13-15 | 16-18 | 19-21 | 22-24 | 25-27 || total
-------------------------+-------+-------+-------+-------+-------+-------+-------+-------+-------++-------
Melee: Executioner's axe |     1 |       |       |     1 |     3 |     7 |     8 |     9 |    36 ||    65
 Stab: Distracted        |       |       |       |       |       |       |       |       |     1 ||     1
Armor: Leather armour    |       |       |       |       |       |       |       |       |     2 ||     2
Dodge: Dodged            |       |       |       |       |       |       |       |       |     3 ||     3
